 Dungeon Crawl Stone Soup version 0.21.0-24-g2553a33 (webtiles) character file.

81 tidbits the Charmwright (level 4, 0/38 HPs)
             Began as a Gnoll Skald on Jan 20, 2018.
             Slain by an adder (3 damage)
             ... on level 6 of the Dungeon.
             The game lasted 00:03:37 (419 turns).

tidbits the Charmwright (Gnoll Skald)                Turns: 419, Time: 00:03:38

Health: 0/38       AC:  3    Str: 13    XL:     4   Next: 42%
Magic:  1/11       EV: 14    Int: 16    God:
Gold:   70         SH:  0    Dex: 15    Spells: 2/13 levels left

rFire    . . .     SeeInvis .   a - +0 hand axe
rCold    . . .     Gourm    .   (no shield)
rNeg     . . .     Faith    .   b - +0 leather armour
rPois    .         Spirit   .   (no helmet)
rElec    .         Reflect  .   (no cloak)
rCorr    .         Harm     .   (no gloves)
MR       .....                  (no boots)
Stlth    ++........             (no amulet)
HPRegen  0.12/turn              (no ring)
MPRegen  0.12/turn              (no ring)

@: infused, very slightly contaminated
A: distributed training, fangs 1, strong nose
a: no special abilities


You were on level 6 of the Dungeon.
You were full.

You visited 1 branch of the dungeon, and saw 6 of its levels.

You collected 70 gold pieces.

Inventory:

Hand Weapons
 a - a +0 hand axe (weapon)
 e - a +0 short sword
 g - a +0 dagger
Missiles
 m - 20 bolts
Armour
 b - a +0 leather armour (worn)
Wands
 k - a wand of random effects (16)
Scrolls
 f - a scroll of teleportation
 h - 2 scrolls of identify {unknown}
 i - 2 scrolls of remove curse {unknown}
 l - a scroll of enchant armour {unknown}
 n - a scroll of immolation {unknown}
Books
 c - a book of Battle

   Spells                             Type                      Level
   a - Infusion                       Charms                       1
   b - Shroud of Golubria             Charms/Translocation         2
   c - Song of Slaying                Charms                       2
   d - Spectral Weapon                Hexes/Charms                 3
   e - Regeneration                   Charms/Necromancy            3
 j - a book of Maledictions
   (You found it on level 3 of the Dungeon)

   Spells                             Type                      Level
   a - Corona                         Hexes                        1
   b - Ensorcelled Hibernation        Hexes/Ice                    2
   c - Confuse                        Hexes                        3
   d - Tukima's Dance                 Hexes                        3
   e - Dazzling Spray                 Conjuration/Hexes            3
Comestibles
 d - 2 rations


   Skills:
 + Level 4.6 Fighting
 + Level 1.1 Short Blades
 + Level 1.1 Long Blades
 + Level 4.6 Axes
 + Level 1.1 Maces & Flails
 + Level 1.1 Polearms
 + Level 1.1 Staves
 + Level 1.1 Slings
 + Level 1.1 Bows
 + Level 1.1 Crossbows
 + Level 1.1 Throwing
 + Level 2.7 Armour
 + Level 4.6 Dodging
 + Level 1.1 Stealth
 + Level 1.1 Shields
 + Level 1.1 Unarmed Combat
 + Level 5.0 Spellcasting
 + Level 0.8 Conjurations
 + Level 0.8 Hexes
 + Level 5.4 Charms
 + Level 0.8 Summonings
 + Level 0.8 Necromancy
 + Level 0.8 Translocations
 + Level 0.8 Transmutations
 + Level 0.8 Fire Magic
 + Level 0.8 Ice Magic
 + Level 0.8 Air Magic
 + Level 0.8 Earth Magic
 + Level 0.8 Poison Magic
 + Level 1.2 Invocations
 + Level 1.1 Evocations


You had 2 spell levels left.
You knew the following spells:

 Your Spells              Type           Power        Failure   Level  Hunger
g - Shroud of Golubria    Chrm/Tloc      ##........   8%          2    #......
i - Infusion              Chrm           ###.         1%          1    None
r - Regeneration          Chrm/Necr      ##........   16%         3    ###....
w - Spectral Weapon       Hex/Chrm       ##......     16%         3    ###....
y - Song of Slaying       Chrm           ###.....     3%          2    #......


Dungeon Overview and Level Annotations

Branches:
Dungeon (6/15)
 Temple: D:4-7

Altars:


Innate Abilities, Weirdness & Mutations

Your experience applies equally to all skills.
You have very sharp teeth.
Your uncanny sense of smell can sniff out nearby items.


Message History

Found 10 gold pieces.
You feel sick.
You see here 10 gold pieces.
You now have 70 gold pieces (gained 10).
You feel sick.
Found a scroll labeled BUSEIM UMEC.
You see here a scroll labeled UFIALU HIWOSS.
l - a scroll labeled UFIALU HIWOSS Your magical infusion is running out.
You feel sick.
Casting: Infusion
Confirm with . or Enter, or press ? or * to list all spells.
You extend your infusion's duration.
You feel sick.
The helpless quokka fails to defend itself.
You hit the quokka.
You kill the quokka!
You see here a scroll labeled BUSEIM UMEC.
As you read the scroll labeled BUSEIM UMEC, it crumbles to dust.
You feel strangely unstable.
It was a scroll of teleportation.
You feel sick.
You are no longer poisoned.
Your surroundings suddenly seem different.
A phantom comes into view.
The phantom blinks!
Found a stone staircase leading down.
The phantom blinks!
There is a stone staircase leading down here.
You climb downwards.
An orc comes into view.
The orc shouts!
You hear a shout!
You hear an angry hiss.
There is a stone staircase leading up here.
You open the door.
A scorpion comes into view.
You close the door.
Casting: Infusion
Confirm with . or Enter, or press ? or * to list all spells.
You miscast Regeneration.
You are very lightly contaminated with residual magic.
Multicoloured lights dance before your eyes!
An orc comes into view. It is wielding a hand axe.
You barely miss the orc. You bite the orc.
The orc is lightly wounded.
The orc hits you but does no damage.
An orc wizard comes into view. It is wielding a dagger.
You closely miss the orc.
The orc is lightly wounded.
The orc completely misses you.
An adder comes into view.
The orc wizard shouts!
You hit the orc!
You kill the orc!
You feel a little less agile now.
The orc wizard looks encouraged for a moment.
Unknown command.
You hit the orc. Your bite misses the orc.
The orc is heavily wounded.
The orc misses you.
Unknown command.
You closely miss the orc.
The orc is heavily wounded.
The orc closely misses you.
Unknown command.
You hit the orc.
You kill the orc!
You aren't carrying any potions.
Unknown command.
Evoke which item? (* to show all) (? for menu, Esc to quit)
Aiming: Random Effects
Press: ? - help, Shift-Dir - straight line, f - orc wizard
Aim: an orc wizard, wielding a dagger and wearing a robe The adder resists with significant effort.
The adder bites you.
* * * LOW HITPOINT WARNING * * *
The adder closely misses you.
Unknown command.
Evoke which item? (* to show all) (? for menu, Esc to quit)
Aiming: Random Effects
Press: ? - help, Shift-Dir - straight line, f/p - orc wizard
Aim: an orc wizard, wielding a dagger and wearing a robe The puff of frost hits the orc wizard.
The orc wizard is moderately wounded.
The adder barely misses you.
The orc wizard hits you but does no damage.
Evoke which item? (* to show all) (? for menu, Esc to quit)
Aiming: Random Effects
Press: ? - help, Shift-Dir - straight line, f - adder, p - orc wizard
Aim: an adder The adder struggles to resist.
The adder barely misses you. The orc wizard closely misses you.
Unknown command.
Evoke which item? (* to show all) (? for menu, Esc to quit)
Aiming: Random Effects
Press: ? - help, Shift-Dir - straight line, f/p - adder
Aim: an adder The adder resists with significant effort.
The adder bites you.
* * * LOW HITPOINT WARNING * * *
The adder bites you.
You die...

.. . ##
.######..
.........
#........
#........
#.o......
#@S......
#.)......
#<.......
#...+........
#..s#........
#...#######..
#.. . #...
#..


You could see an orc wizard and an adder.

Vanquished Creatures
  A worker ant (D:5)
  A hound skeleton (D:4)
  An adder (D:3)
  2 oozes (D:2)
  A worm (D:5)
  A dart slug (D:1)
  2 orcs (D:6)
  A bat (D:2)
  2 goblins
  3 hobgoblins
  A quokka (D:5)
  A kobold (D:2)
  5 rats
22 creatures vanquished.

Notes
Turn   | Place    | Note
-------+----------+-------------------------------------------
     0 | D:1      | tidbits the Gnoll Skald began the quest for the Orb.
     0 | D:1      | Reached XP level 1. HP: 20/20 MP: 6/6
    77 | D:2      | Reached XP level 2. HP: 15/26 MP: 2/7
   123 | D:3      | Reached skill level 5 in Spellcasting
   123 | D:3      | Reached XP level 3. HP: 9/31 MP: 1/9
   157 | D:3      | Learned a level 3 spell: Regeneration
   162 | D:3      | Learned a level 3 spell: Spectral Weapon
   165 | D:3      | Learned a level 2 spell: Song of Slaying
   168 | D:3      | Learned a level 2 spell: Shroud of Golubria
   293 | D:4      | Reached skill level 1 in Invocations
   305 | D:5      | Entered Level 5 of the Dungeon
   366 | D:5      | Reached skill level 1 in Short Blades
   366 | D:5      | Reached skill level 1 in Long Blades
   366 | D:5      | Reached skill level 1 in Maces & Flails
   366 | D:5      | Reached skill level 1 in Polearms
   366 | D:5      | Reached skill level 1 in Staves
   366 | D:5      | Reached skill level 1 in Slings
   366 | D:5      | Reached skill level 1 in Bows
   366 | D:5      | Reached skill level 1 in Crossbows
   366 | D:5      | Reached skill level 1 in Throwing
   366 | D:5      | Reached skill level 1 in Stealth
   366 | D:5      | Reached skill level 1 in Shields
   366 | D:5      | Reached skill level 1 in Unarmed Combat
   366 | D:5      | Reached skill level 1 in Evocations
   366 | D:5      | Reached XP level 4. HP: 8/38 MP: 1/11
   388 | D:5      | Noticed a phantom
   419 | D:6      | HP: 3/38 [adder (3)]
   419 | D:6      | Slain by an adder

Skill      XL: |  1  2  3 |
---------------+----------+-----
Spellcasting   | 5 |  5.0
Invocations    | 1 |  1.2
Short Blades   | 1 |  1.1
Long Blades    | 1 |  1.1
Maces & Flails | 1 |  1.1
Polearms       | 1 |  1.1
Staves         | 1 |  1.1
Slings         | 1 |  1.1
Bows           | 1 |  1.1
Crossbows      | 1 |  1.1
Throwing       | 1 |  1.1
Stealth        | 1 |  1.1
Shields        | 1 |  1.1
Unarmed Combat | 1 |  1.1
Evocations     | 1 |  1.1
Fighting       | |  4.6
Axes           | |  4.6
Armour         | |  2.7
Dodging        | |  4.6
Conjurations   | |  0.8
Hexes          | |  0.8
Charms         | |  5.4
Summonings     | |  0.8
Necromancy     | |  0.8
Translocations | |  0.8
Transmutations | |  0.8
Fire Magic     | |  0.8
Ice Magic      | |  0.8
Air Magic      | |  0.8
Earth Magic    | |  0.8
Poison Magic   | |  0.8

Action                   |  1- 3 |  4- 6 || total
-------------------------+-------+-------++-------
Melee: Hand axe          |    52 |     7 ||    59
       Bite              |     3 |     1 ||     4
 Cast: Infusion          |     6 |     1 ||     7
       Regeneration      |     2 |       ||     2
Evoke: Wand              |       |     4 ||     4
  Use: Scroll            |     1 |     1 ||     2
       Potion            |       |     1 ||     1
 Stab: Sleeping          |       |     1 ||     1
  Eat: Ration            |     1 |       ||     1
Armor: Leather armour    |    10 |     1 ||    11
Dodge: Dodged            |    43 |     7 ||    50

Table legend:
 A = Turns spent in this place as a percentage of turns spent in the entire game.
 B = Non-inter-level travel turns spent in this place as a percentage of non-inter-level travel turns spent in the entire game.
 C = Inter-level travel turns spent in this place as a percentage of turns spent in this place.
 D = Turns resting spent in this place as a percentage of non-inter-level travel turns spent in this place.
 E = Turns spent auto-exploring this place as a percentage of non-inter-level travel turns spent in this place.
 F = Non-inter-level travel turns spent in this place divided by the number of levels of this place that you've seen.
                   A       B       C       D       E      F
               +-------+-------+-------+-------+-------+----------------------
         Total | 100.0 | 100.0 |   0.0 |   0.0 |   0.0 |  69.8
       Dungeon | 100.0 | 100.0 |   0.0 |   0.0 |   0.0 |  69.8
               +-------+-------+-------+-------+-------+----------------------

Table legend:
 A = Kills in this place as a percentage of kills in entire the game.
 B = Kills by you in this place as a percentage of kills by you in the entire game.
 C = Kills by friends in this place as a percentage of kills by friends in the entire game.
 D = Other kills in this place as a percentage of other kills in the entire game.
 E = Experience gained in this place as a percentage of experience gained in the entire game.
 F = Experience gained in this place divided by the number of levels of this place that you have seen.
                   A       B       C       D       E      F
               +-------+-------+-------+-------+-------+----------------------
         Total | 100.0 | 100.0 |   N/A |   N/A | 100.0 |  19.5
       Dungeon | 100.0 | 100.0 |   N/A |   N/A | 100.0 |  19.5
               +-------+-------+-------+-------+-------+----------------------

Vault maps used:
D:1:      dpeg_arrival_tiny_i
D:2:      fedhas_altar_3
D:3:      chequers_ecumenical_altar_simple_redux, first_ration, uniq_sigmund
D:4:      serial_shops, shop
D:5:      patterned_corridor, uniq_crazy_yiuf_cottage
D:6:      uniq_grinder
